 Dungeon Crawl Stone Soup version 0.20.1-1-g8b1a95d (webtiles) character file.

238 BlackCap the Sneak (level 5, 0/25 HPs)
             Began as a Spriggan Enchanter on Oct 18, 2017.
             Killed from afar by an orc wizard (9 damage)
             ... with a magic dart
             ... on level 4 of the Dungeon.
             The game lasted 00:12:58 (4086 turns).

BlackCap the Sneak (Spriggan Enchanter)             Turns: 4086, Time: 00:12:58

Health: 0/25       AC:  2    Str:  4    XL:     5   Next: 78%
Magic:  2/10       EV: 18    Int: 17    God:
Gold:   83         SH:  0    Dex: 17    Spells: 7/10 levels left

rFire    . . .     SeeInvis +   a - +1 dagger
rCold    . . .     Gourm    .   (shield restricted)
rNeg     . . .     Faith    .   b - +0 robe
rPois    .         Spirit   .   (helmet restricted)
rElec    .         Reflect  .   (no cloak)
rCorr    .         Harm     .   (gloves unavailable)
MR       .....                  (boots unavailable)
Stlth    ++++......             (no amulet)
Regen    0.1/turn               (no ring)
MPRegen  0.2/turn               (no ring)

@: very quick
A: unfitting armour, see invisible, herbivore 3, speed 3, slow metabolism 2
a: no special abilities


You were on level 4 of the Dungeon.
You were not hungry.

You visited 1 branch of the dungeon, and saw 4 of its levels.

You collected 83 gold pieces.

Inventory:

Hand Weapons
 a - a +1 dagger (weapon)
Armour
 b - a +0 robe (worn)
Jewellery
 m - a cursed ring of magical power {unknown}
Scrolls
 e - a scroll of recharging {unknown}
 g - 3 scrolls of teleportation {unknown}
 i - 3 scrolls of fear {unknown}
 l - 4 scrolls of identify {unknown}
 n - a scroll of enchant weapon {unknown}
 p - a scroll of random uselessness {unknown}
 q - a scroll of magic mapping {unknown}
Potions
 f - a potion of heal wounds {unknown}
 h - a potion of mutation {unknown}
 j - a potion of ambrosia {unknown}
 k - 5 potions of curing {unknown}
 o - a potion of degeneration {unknown}
Books
 c - a book of Maledictions

   Spells                             Type                      Level
   a - Corona                         Hexes                        1
   b - Ensorcelled Hibernation        Hexes/Ice                    2
   c - Confuse                        Hexes                        3
   d - Tukima's Dance                 Hexes                        3
   e - Dazzling Spray                 Conjuration/Hexes            3
Comestibles
 d - 3 bread rations


   Skills:
 + Level 0.7 Fighting
 + Level 2.6 Short Blades
 - Level 3.0 Dodging
 * Level 7.8 Stealth
 + Level 3.3 Spellcasting
 + Level 4.4 Hexes
 + Level 0.8 Ice Magic


You had 7 spell levels left.
You knew the following spells:

 Your Spells              Type           Power        Failure   Level  Hunger
a - Corona                Hex            ###....      2%          1    None
b - Ensorcelled Hibernat  Hex/Ice        ##....       9%          2    ##.....


Dungeon Overview and Level Annotations

Branches:
Dungeon (4/15)
 Temple: D:4-7

Altars:


Innate Abilities, Weirdness & Mutations

You are very small and have problems with some larger weapons.
You are too small for most types of armour.
You have supernaturally acute eyesight. (SInv)
You are a herbivore.
You cover ground extremely quickly.
You need consume almost no food.


Message History

Unknown command.
An orc wizard comes into view. It is wielding a dagger.
The orc shouts!
An orc wizard comes into view. It is wielding a dagger.
You completely miss the orc. You barely miss the orc.
The orc wizard gestures at you while chanting.
The magic dart hits you! The orc misses you.
You hit the orc.
The orc is heavily wounded.
The orc wizard gestures at you while chanting.
The puff of flame hits you!
You hit the orc.
The orc is severely wounded.
The orc hits you but does no damage.
You hit the orc.
You kill the orc!
The orc wizard gestures at you while chanting.
The magic dart hits you!
You die...

#.# #.### #...####
########### #.#....###
##.....##...
#....#.O.###...........
##...###...............
##..#####.............
#....# ##............
#.##@####.......[....
#..#.o.##....o.......
##.###........(......
#(# ###.............
#.### ##.......##.[.
#...## ####.......##
####..# #######..
##...#.# ## ##......#


You could see an orc wizard.

Vanquished Creatures
  A bullfrog (D:3)
  2 iguanas (D:4)
  Robin (D:3)
  2 adders (D:3)
  3 worms
  A dart slug (D:3)
  2 orcs
  3 giant cockroaches
  15 goblins
  6 hobgoblins
  4 jackals (D:1)
  2 quokkas
  11 bats
  9 frilled lizards
  10 kobolds
  6 rats
78 creatures vanquished.

Notes
Turn   | Place    | Note
-------+----------+-------------------------------------------
     0 | D:1      | BlackCap the Spriggan Enchanter began the quest for the Orb.
     0 | D:1      | Reached XP level 1. HP: 9/9 MP: 5/5
   170 | D:1      | Reached XP level 2. HP: 10/13 MP: 6/6
   444 | D:2      | Learned a level 2 spell: Ensorcelled Hibernation
   457 | D:1      | Reached skill level 5 in Stealth
   960 | D:1      | Reached XP level 3. HP: 16/16 MP: 8/8
  1082 | D:2      | Found a faded altar of an unknown god.
  2061 | D:3      | Reached skill level 6 in Stealth
  2534 | D:3      | Noticed Robin
  2566 | D:3      | Reached XP level 4. HP: 18/21 MP: 2/9
  2725 | D:3      | Killed Robin
  3286 | D:3      | Noticed a bullfrog
  3304 | D:3      | Killed a bullfrog
  3304 | D:3      | Reached skill level 7 in Stealth
  3304 | D:3      | Reached XP level 5. HP: 4/25 MP: 10/10
  4008 | D:4      | Noticed an ogre
  4086 | D:4      | Killed from afar by an orc wizard

Skill      XL: |  1  2  3  4 |
---------------+-------------+-----
Stealth        | 5 6 7 |  7.8
Hexes          | 4 |  4.4
Spellcasting   | 3 |  3.3
Short Blades   | 2 |  2.6
Fighting       | |  0.7
Dodging        | |  3.0
Ice Magic      | |  0.8

Action                   |  1- 3 |  4- 6 || total
-------------------------+-------+-------++-------
Melee: Dagger            |   171 |   136 ||   307
 Cast: Ensorcelled Hiber |    29 |    26 ||    55
 Stab: Sleeping          |    27 |    13 ||    40
  Eat: Bread ration      |       |     1 ||     1
Armor: Robe              |    12 |     7 ||    19
Dodge: Dodged            |   142 |    97 ||   239
